 Dungeon Crawl Stone Soup version 0.30.0-29-ga12c61a403 (webtiles) character file.

Game seed: 16257080762990321578

2566 ChadusMaximus the Cleaver (level 9, -8/80 HPs)
             Began as a Minotaur Fighter on June 12, 2023.
             Mangled by a two-headed ogre
             ... wielding a +0 giant club
              (20 damage)
             ... on level 8 of the Dungeon.
             The game lasted 00:06:02 (7482 turns).

ChadusMaximus the Cleaver (Minotaur Fighter)        Turns: 7482, Time: 00:06:02

Health: -8/80      AC: 13    Str: 24    XL:     9   Next: 31%
Magic:  8/8        EV:  6    Int:  5    God:
Gold:   298        SH: 14    Dex: 11    Spells: 8/8 levels left

rFire   . . .        a - +0 war axe
rCold   . . .        y - +0 tower shield
rNeg    . . .        A - +0 chain mail
rPois   +            (helmet restricted)
rElec   .            u - +0 cloak
rCorr   .            r - +0 pair of gloves
SInv    .            (no boots)
Will    .....        p - amulet of magic regeneration Stlth
                     q - ring of poison resistance
HPRegen 0.33/turn    (no ring)
MPRegen 0.51/turn

%: no passive effects
@: no status effects
A: horns 2, retaliatory headbutt
a: no special abilities


You were on level 8 of the Dungeon.
You visited 2 branches of the dungeon, and saw 9 of its levels.

You collected 298 gold pieces.

Inventory:

Hand Weapons
 a - a +0 war axe (weapon)
Armour
 r - a +0 pair of gloves (worn)
 u - a +0 cloak (worn)
 y - a +0 tower shield (worn)
 A - a +0 chain mail (worn)
Jewellery
 p - an amulet of magic regeneration (around neck)
 q - a ring of poison resistance (left hand)
Wands
 w - a wand of digging (5)
 x - a wand of iceblast (8)
 C - a wand of light (7)
Scrolls
 c - 2 scrolls of blinking {unknown}
 e - 5 scrolls of identify {unknown}
 f - 2 scrolls of immolation {unknown}
 h - a scroll of enchant weapon {unknown}
 j - a scroll of poison {unknown}
 k - 4 scrolls of amnesia {unknown}
 l - 4 scrolls of magic mapping {unknown}
 m - 2 scrolls of teleportation {unknown}
 o - a scroll of noise {unknown}
 t - a scroll of summoning {unknown}
 B - a scroll of enchant armour {unknown}
 D - a scroll of fog {unknown}
Potions
 b - a potion of flight {unknown}
 d - 2 potions of might
 g - a potion of berserk rage {unknown}
 i - 4 potions of attraction {unknown}
 n - a potion of experience {unknown}
 s - 2 potions of lignification {unknown}
 v - a potion of brilliance {unknown}
 z - a potion of invisibility {unknown}


   Skills:
 + Level 7.7 Fighting
 * Level 9.9 Axes
 + Level 7.7 Armour
 + Level 7.7 Shields


You had 8 spell levels left.
You didn't know any spells.
Your spell library contained the following spells:

 Spells                   Type           Power      Damage    Failure   Level
 Cigotuvi's Dreadful Rot  Necr/Pois/Air  0%         N/A       100%        2
 Lesser Beckoning         Tloc           0%         N/A       100%        2
 Gell's Gravitas          Tloc           0%         N/A       100%        3
 Ignite Poison            Fire/Tmut/Pois 0%         N/A       100%        3
 Inner Flame              Hex/Fire       0%         N/A       100%        3
 Teleport Other           Tloc           0%         N/A       100%        3
 Flame Wave               Conj/Fire      0%         2d4       100%        4
 Sticky Flame             Conj/Fire      0%         2d3       100%        4
 Freezing Cloud           Conj/Ice/Air   0%         6-21      100%        5
 Conjure Ball Lightning   Conj/Air       0%         3x3d6     100%        6
 Discord                  Hex            0%         N/A       100%        8
 Disjunction              Tloc           0%         N/A       100%        8


Dungeon Overview and Level Annotations

Branches:
Dungeon (8/15)             Temple (1/1) D:6
   Lair: D:8-11

Altars:
Ashenzari
Dithmenos
Elyvilon
Fedhas
Kikubaaqudgha
Makhleb
Nemelex Xobeh
Qazlal
Ru
Sif Muna
Trog
Uskayaw
Vehumet
Xom
Zin

Annotations:
D:4 Blork the orc


Innate Abilities, Weirdness & Mutations

You have a pair of horns on your head.
You reflexively headbutt those who attack you in melee.


Message History

The acid dragon is almost dead.
You block the acid dragon's attack.
The acid dragon claws you but does no damage.
You barely miss the acid dragon.
The acid dragon is almost dead.
The acid dragon bites you.
The acid dragon claws you but does no damage.
You block the acid dragon's attack. The acid dragon claws you.
You slash the acid dragon!
You kill the acid dragon!
You hit the two-headed ogre.
Your headbutt misses the two-headed ogre.
The two-headed ogre is lightly wounded.
You block the two-headed ogre's attack.
The two-headed ogre hits you with a +0 giant spiked club!
You barely miss the two-headed ogre.
You block the two-headed ogre's attack. x2
You slash the two-headed ogre! You headbutt the two-headed ogre!
The two-headed ogre is moderately wounded.
The two-headed ogre barely misses you. x2
You hit the two-headed ogre but do no damage.
You headbutt the two-headed ogre, but do no damage.
The two-headed ogre is moderately wounded.
You hit the two-headed ogre but do no damage.
The two-headed ogre is moderately wounded.
The two-headed ogre hits you with a +0 giant club!!
The two-headed ogre hits you with a +0 giant spiked club!
* * * LOW HITPOINT WARNING * * *
You barely miss the two-headed ogre.
The two-headed ogre is moderately wounded.
The two-headed ogre hits you with a +0 giant club!
* * * LOW HITPOINT WARNING * * *
You block the two-headed ogre's attack.
You hit the two-headed ogre but do no damage.
The two-headed ogre is moderately wounded.
You are no longer corroded.
You block the two-headed ogre's attack. x2
You slash the two-headed ogre! You headbutt the two-headed ogre.
The two-headed ogre is moderately wounded.
The two-headed ogre hits you with a +0 giant club!!
You die...

#########
#.......#
#.#O###.#
#D#@....#
#.########
#.........
#.#######.
...O...Y......+
#####.#.#####.#
#.#.# # #.# #..


You could see a two-headed ogre.

Vanquished Creatures
  A yak (D:7)
  Menkaure (D:6)
  An acid dragon (D:8)
  A sky beast (D:5)
  A black bear (D:6)
  An orc warrior (D:6)
  3 ogres
  2 bullfrogs
  2 scorpions (D:6)
  A gnoll sergeant (D:6)
  3 wights (D:7)
  3 killer bees (D:7)
  2 electric eels (D:7)
  5 howler monkeys
  2 hounds (D:6)
  A jelly (D:5)
  8 orc priests
  A sleepcap (D:6)
  2 iguanas
  5 orc wizards
  Robin (D:3)
  8 gnolls
  7 adders
  A shadow imp (D:5)
  4 white imps
  2 ufetubi (D:5)
  A worm (D:2)
  A dart slug (D:5)
  19 orcs
  7 endoplasms
  A giant cockroach (D:2)
  12 goblins
  6 hobgoblins
  3 quokkas
  5 ball pythons
  4 bats
  2 frilled lizards
  7 kobolds
  8 rats
145 creatures vanquished.

Notes
Turn   | Place    | Note
-------+----------+-------------------------------------------
     0 | D:1      | ChadusMaximus the Minotaur Fighter began the quest for the
                  | Orb.
     0 | D:1      | Reached XP level 1. HP: 19/19 MP: 0/0
   161 | D:1      | Reached XP level 2. HP: 27/27 MP: 1/1
   441 | D:1      | Reached skill level 3 in Axes
   573 | D:1      | Found a faded altar of an unknown god.
   616 | D:2      | Reached XP level 3. HP: 21/33 MP: 2/2
  1291 | D:3      | Reached XP level 4. HP: 40/40 MP: 3/3
  1307 | D:3      | Noticed Robin
  1320 | D:3      | Killed Robin
  1383 | D:3      | Found an ancient bone altar of Kikubaaqudgha.
  1433 | D:3      | Identified the +3 whip of Moral Flaws {heavy, rPois Stlth+}
  1532 | D:3      | Reached skill level 4 in Axes
  1779 | D:4      | Noticed Blork the orc
  1793 | D:5      | Entered Level 5 of the Dungeon
  1996 | D:5      | Found a radiant altar of Vehumet.
  2019 | D:5      | Reached XP level 5. HP: 44/47 MP: 4/4
  2395 | D:5      | Reached skill level 5 in Axes
  2585 | D:5      | Noticed a sky beast
  2617 | D:5      | Killed a sky beast
  2618 | D:5      | Reached skill level 5 in Fighting
  2618 | D:5      | Reached skill level 5 in Armour
  2618 | D:5      | Reached skill level 5 in Shields
  2618 | D:5      | Reached XP level 6. HP: 4/56 MP: 5/5
  3397 | D:4      | Found a glowing silver altar of Zin.
  3653 | D:6      | Found a staircase to the Ecumenical Temple.
  3768 | Temple   | Entered the Ecumenical Temple
  4347 | D:6      | Reached skill level 6 in Axes
  4347 | D:6      | Reached XP level 7. HP: 52/61 MP: 6/6
  4541 | D:6      | Noticed Menkaure
  4553 | D:6      | Killed Menkaure
  4557 | D:6      | Reached skill level 7 in Axes
  4785 | D:6      | Reached XP level 8. HP: 56/70 MP: 7/7
  5063 | D:6      | Reached skill level 8 in Axes
  6114 | D:7      | Reached skill level 9 in Axes
  6212 | D:7      | Reached XP level 9. HP: 40/79 MP: 8/8
  7314 | D:8      | Noticed a two-headed ogre
  7482 | D:8      | Mangled by a two-headed ogre

Illustrated notes

Levels and vault maps discovered:
D:1:      ncdulo_smallfort, layout_basic,
          hellmonk_ecumenical_altar_heavens_door, kennysheep_decorative_pillar
D:2:      layout_rooms, hangedman_decor_diamond_cutter, minmay_small_reverse_x
D:3:      layout_basic, mainiacjoe_overflow_alcove_2, uniq_robin
D:4:      layout_basic, zin_scriptorium, uniq_blork_the_orc
D:5:      layout_basic, nicolae_overflow_crystal_walls,
          kennysheep_pointless_box, dk_noncrumbling_2
D:6:      layout_basic, minmay_temple_entry_sparse_star, uniq_menkaure
D:7:      layout_loops_ring, minmay_hedge_maze, kennysheep_minor_cross
D:8:      layout_basic, grunt_temple_overflow_cloverleaf,
          due_lair_maze_entry_diamond, ebering_ghost_rock_garden
Temple:   hellmonk_temple_flake

Skill      XL: |  1  2  3  4  5  6  7  8 |
---------------+-------------------------+-----
Axes           | 3 4 5 6 7 9 |  9.9
Fighting       | 4 5 6 7 |  7.7
Armour         | 4 5 6 7 |  7.7
Shields        | 4 5 6 7 |  7.7

Action                     |  1- 3 |  4- 6 |  7- 9 || total
---------------------------+-------+-------+-------++-------
  Melee: War axe           |    74 |   113 |   208 ||   395
         Headbutt          |     9 |    16 |    42 ||    67
   Stab: Distracted        |       |     1 |       ||     1
 Armour: Scale mail        |    40 |    50 |    49 ||   139
         Chain mail        |       |       |    41 ||    41
  Dodge: Dodged            |    30 |    49 |    62 ||   141
  Block: Buckler           |     9 |    31 |    14 ||    54
         Tower shield      |       |       |   127 ||   127
